 Dungeon Crawl Stone Soup version 0.26.1-2-gb8aa6d0cf2 (webtiles) character file.

Game seed: 7261029481442841012

46 Groucho the Sneak (level 3, -1/16 HPs)
             Began as a Spriggan Enchanter on Mar 17, 2021.
             Slain by a gnoll
             ... wielding a cursed +0 whip
              (5 damage)
             ... on level 2 of the Dungeon.
             The game lasted 00:03:51 (3470 turns).

Groucho the Sneak (Spriggan Enchanter)              Turns: 3470, Time: 00:03:52

Health: -1/16      AC:  2    Str:  5    XL:     3   Next: 44%
Magic:  8/8        EV: 18    Int: 16    God:
Gold:   77         SH:  0    Dex: 16    Spells: 4/7 levels left

rFire    . . .     SeeInvis +   a - +1 dagger
rCold    . . .     Faith    .   (shield restricted)
rNeg     . . .     Spirit   .   b - +0 robe
rPois    .         Reflect  .   (helmet restricted)
rElec    .         Harm     .   (no cloak)
rCorr    .         Rampage  .   (gloves unavailable)
Will     .....                  (boots unavailable)
Stlth    +++.......             (no amulet)
HPRegen  0.05/turn              (no ring)
MPRegen  0.11/turn              (no ring)

@: very quick
A: very small, unfitting armour, see invisible, speed 3
a: no special abilities


You were on level 2 of the Dungeon.
You visited 1 branch of the dungeon, and saw 2 of its levels.

You collected 77 gold pieces.

Inventory:

Hand Weapons
 a - a +1 dagger (weapon)
 g - a cursed +0 dagger
Missiles
 h - 3 curare-tipped darts
 m - 20 poisoned darts
Armour
 b - a +0 robe (worn)
Scrolls
 i - a scroll of remove curse {unknown}
 j - a scroll of amnesia {unknown}
 k - a scroll of identify {unknown}
 l - a scroll of enchant weapon {unknown}
Potions
 c - a potion of mutation {unknown}
 d - a potion of heal wounds {unknown}
 e - a potion of magic
 f - a potion of curing {unknown}


   Skills:
 - Level 1.1 Short Blades
 - Level 3.0 Dodging
 * Level 6.6 Stealth
 + Level 2.9 Spellcasting
 + Level 3.8 Hexes


You had 4 spell levels left.
You knew the following spells:

 Your Spells              Type           Power        Failure   Level
a - Corona                Hex            15%          3%          1
b - Ensorcelled Hibernat  Hex/Ice        16%          13%         2

Your spell library contained the following spells:

 Spells                   Type           Power        Failure   Level
 Confusing Touch          Hex            14%          12%         3
 Tukima's Dance           Hex            14%          12%         3
 Dazzling Flash           Conj/Hex       16%          26%         3


Dungeon Overview and Level Annotations

Branches:
Dungeon (2/15)

Altars:
Okawaru


Innate Abilities, Weirdness & Mutations

You are very small and have problems with some larger weapons.
You are too small for most types of armour.
You have supernaturally acute eyesight. (SInv)
You cover ground extremely quickly.


Message History

You barely miss the gnoll.
The gnoll is heavily wounded.
The bat hits you but does no damage. The bat closely misses you.
The gnoll shouts!
You hit the gnoll.
The gnoll is heavily wounded.
The bat misses you.
The gnoll hits you with a cursed +0 whip.
You hit the gnoll but do no damage.
The gnoll is heavily wounded.
The gnoll hits you with a cursed +0 whip!
Ouch! That really hurt!
* * * LOW HITPOINT WARNING * * *
The bat hits you but does no damage.
You are too injured to fight recklessly!
You miss the bat. The bat barely misses you. The gnoll completely misses you.
You hit the bat but do no damage. The bat closely misses you.
The bat misses you.
The gnoll hits you with a cursed +0 whip.
You die...

.K. ##.K# ......#####
#....b<..#
.............#
.......##.#### ###....
.# ######### #.#.. #
#.b.....### #.#..
#@##.b.... # ...
#g##...)## ##..
#r##.#..##
#g#...<..########
######g#...#..##.....#
......?........##)....#
.rg........[..........#
........#.####.##.....#
g########.# #.##.....#


You could see 3 gnolls, a bat and a rat.

Vanquished Creatures
  An ooze (D:1)
  2 dart slugs (D:1)
  2 ball pythons (D:1)
  2 giant cockroaches (D:1)
  5 goblins (D:1)
  6 hobgoblins
  3 jackals (D:1)
  5 bats (D:1)
  2 frilled lizards (D:1)
  2 kobolds (D:1)
  4 rats (D:1)
34 creatures vanquished.

Notes
Turn   | Place    | Note
-------+----------+-------------------------------------------
     0 | D:1      | Groucho the Spriggan Enchanter began the quest for the Orb.
     0 | D:1      | Reached XP level 1. HP: 9/9 MP: 5/5
    63 | D:1      | Reached skill level 5 in Stealth
   453 | D:1      | Reached XP level 2. HP: 13/13 MP: 6/6
   456 | D:1      | Learned a level 2 spell: Ensorcelled Hibernation
  1223 | D:1      | Reached skill level 6 in Stealth
  1655 | D:1      | Reached XP level 3. HP: 15/16 MP: 8/8
  2278 | D:1      | Found an iron altar of Okawaru.
  3470 | D:2      | Slain by a gnoll

Illustrated notes

Levels and vault maps discovered:
D:1:      enne_arrival_octagon_isle, layout_basic, okawaru_ov_weapons_minmay
D:2:      layout_loops_cross, general_overflow_altar

Skill      XL: |  1  2 |
---------------+-------+-----
Stealth        | 5 6 |  6.6
Short Blades   | |  1.1
Dodging        | |  3.0
Spellcasting   | |  2.9
Hexes          | |  3.8

Action                   || total
-------------------------++-------
Melee: Dagger            ||   136
 Cast: Ensorcelled Hiber ||    12
  Use: Potion            ||     1
 Stab: Sleeping          ||    16
Armor: Robe              ||    16
Dodge: Dodged            ||   114
